 Dungeon Sprint DCSS version 0.17-a0-1719-g1afd5a1 (webtiles) character file.

36048 Kidiri the Unseen (level 12, 0/56 HPs)
             Began as a Spriggan Enchanter on Aug 28, 2015.
             Was the Champion of Dithmenos.
             Killed from afar by a fire dragon (22 damage)
             ... with a blast of flame
             ... in the Dungeon (Sprint III: "The Ten Rune Challenge").
             The game lasted 00:14:51 (3031 turns).

Kidiri the Unseen (Spriggan Enchanter)              Turns: 3031, Time: 00:14:51

Health: 0/56       AC:  4    Str:  4    XL:     12   Next: 68%
Magic:  28/33      EV: 35    Int: 19    God:    Dithmenos [******]
Gold:   42         SH:  0    Dex: 19    Spells: 5 memorised, 32 levels left

rFire  + . .     SeeInvis +     a - +1 dagger
rCold  . . .     Clarity  .     k - +2 robe {rF+}
rNeg   . . .     SustAt   .     (shield restricted)
rPois  .         Gourm    .     (helmet restricted)
rElec  .         Spirit   .     (no cloak)
rCorr  .         Warding  .     (gloves unavailable)
rMut   .         NoTele   +     (boots unavailable)
MR     ++...                    (no amulet)
Stlth  +++++++++.               (no ring)
                                (no ring)

@: wreathed by umbra, very quick, very resistant to hostile enchantments,
incredibly stealthy
A: unfitting armour, horns 1, see invisible, herbivore 3, speed 3, robust 1,
slow healing 1, slow metabolism 2, spit poison 1
a: Spit Poison, Shadow Step, Shadow Form, Renounce Religion
}: 1/10 runes: barnacled


You were in the Dungeon.
You worshipped Dithmenos.
Dithmenos was exalted by your worship.
You were full.

You visited 1 branch You collected 42 gold pieces.

Inventory:

Hand weapons
 a - a +1 dagger (weapon)
Armour
 k - a +2 robe of fire resistance (worn)
Magical devices
 i - a wand of teleportation (3)
Scrolls
 j - a scroll of blinking
 m - a scroll of identify
 n - 3 scrolls of remove curse
 r - a scroll of torment
Potions
 c - a potion of berserk rage
 e - 2 potions of curing
 f - a potion of might
 g - a potion of haste
 h - a potion of magic
 p - 2 potions of cure mutation {unknown}
 q - 4 potions of flight
Comestibles
 b - 6 fruits
 d - a bread ration
 o - 31 royal jellies


   Skills:
 + Level 11.6 Short Blades
 * Level 19.2 Dodging
 * Level 20.8 Stealth
 * Level 16.7 Spellcasting
 + Level 7.7 Conjurations
 + Level 12.9 Hexes
 + Level 8.7 Ice Magic
 + Level 9.7 Invocations


You had 32 spell levels left.
You knew the following spells:

 Your Spells              Type           Power        Failure   Level  Hunger
a - Corona                Hex            ######.      1%          1    None
b - Ensorcelled Hibernat  Hex/Ice        ######       1%          2    None
c - Confuse               Hex            ######..     1%          3    None
d - Tukima's Dance        Hex            ######..     1%          3    None
e - Dazzling Spray        Conj/Hex       ######..     1%          3    None


Dungeon Overview and Level Annotations

Branches:
Dungeon (1/1)

Altars:
Cheibriados
Dithmenos
Elyvilon
Fedhas
Gozag
Kikubaaqudgha
Makhleb
Nemelex Xobeh
Okawaru
Qazlal
Ru
Sif Muna
Trog
Vehumet
Xom
Yredelemnul
Zin
The Shining One
Jiyva
Lugonu

Shops:
D }?[(:%


Innate Abilities, Weirdness & Mutations

You are tiny and cannot use many weapons and most armour.
You have supernaturally acute eyesight.
You are a herbivore.
You cover ground extremely quickly.
You need consume almost no food.
You have a pair of small horns on your head.
You are robust (+10% HP).
You heal slowly when monsters are visible.
You can spit weak poison.


Message History

The fire dragon resists.
The blast of flame misses you.
Casting: Ensorcelled Hibernation
Confirm with . or Enter, or press ? or * to list all spells.
Aiming: Ensorcelled Hibernation
Press: ? - help, Shift-Dir - straight line, f - fire dragon
Aim: a fire dragon (lightly wounded, umbra, chance to defeat MR: 37%)
The fire dragon easily resists.
Your shadow mimicks your spell!
The fire dragon resists with almost no effort.
Casting: Ensorcelled Hibernation
Confirm with . or Enter, or press ? or * to list all spells.
Aiming: Ensorcelled Hibernation
Press: ? - help, Shift-Dir - straight line, f/p - fire dragon
Aim: a fire dragon (lightly wounded, umbra, chance to defeat MR: 37%)
The fire dragon easily resists.
Your shadow mimicks your spell!
The fire dragon resists with almost no effort.
The fire dragon breathes flames at you. The blast of flame hits you!
You resist.
You die...

#♣.♣
▓≈≈P.......≈≈▓
♣.♣♣
▓≈≈≈P...P.≈≈≈▓
♣♣.♣
▓≈≈≈≈≈..≈≈≈≈≈▓
♣.♣♣
▓≈≈≈≈≈≈≈≈≈≈≈≈▓
♣.♣♣
▓≈≈≈≈≈≈≈≈≈≈≈≈▓
♣..♣
▓≈≈≈≈≈≈≈≈≈≈≈≈▓
♣♣.♣♣.####♣♣
▓≈≈≈≈≈≈≈≈≈≈≈≈▓
♣♣.♣♣..DD≈♣
▓≈≈≈≈≈≈≈≈≈≈≈≈▓
♣♣..♣♣♣♣♣♣@♣
▓≈≈≈≈≈≈≈≈≈≈≈≈▓
♣.≈≈§§§§§§.♣
▓≈≈≈≈≈≈≈≈≈≈≈≈▓
♣...§§§§§.≈♣
▓≈≈≈≈≈≈≈≈≈≈≈≈▓
♣.♣≈≈§§§§§.♣
▓≈≈≈......≈≈≈▓
♣♣♣♣♣♣♣♣∩∩∩♣
▓≈≈..∩∩.∩..≈≈▓
♣♣♣♣♣
▓▓▓▓▓▓▓▓▓▓▓▓▓▓


You could see 2 fire dragons.

Vanquished Creatures
  Rupert (D)
  A kraken (D)
  Maud (D)
  Snorg (D)
  A fire dragon (D)
  2 hydras (D)
  A centaur warrior (D)
  3 alligator snapping turtles (D)
  4 death yaks (D)
  A death drake (D)
  An unseen horror (D)
  A spriggan druid (D)
  A lindwurm (D)
  2 black mambas (D)
  2 spiny frogs (D)
  A komodo dragon (D)
  A fire drake (D)
  A deep elf priest (D)
  A queen bee (D)
  3 wandering mushrooms (D)
  3 snapping turtles (D)
  8 blink frogs (D)
  2 spriggans (D)
  A shadow (D)
  3 redbacks (D)
  A spatial vortex (D)
  A swamp drake (D)
  2 centaurs (D)
  A necrophage (D)
  An earth elemental (D)
  A water elemental (D)
  2 brain worms (D)
  32 killer bees (D)
  A jelly (D)
  Jessica (D)
  A necromancer (D)
  A wizard (D)
  3 humans (D)
  A kobold demonologist (D)
  2 oozes (D)
  A phantom (D)
  A rat (D)
100 creatures vanquished.

Vanquished Creatures (others)
  2 draconian scorchers (D)
  Nessos (D)
  3 yaktaurs (D)
  2 fire drakes (D)
  An electric eel (D)
  A fungus (D)
  4 plants (D)
  12 tentacles (D)
  82 tentacle segments (D)
108 creatures vanquished.

Grand Total: 208 creatures vanquished

Notes
Turn   | Place    | Note
--------------------------------------------------------------
     0 | D        | Kidiri the Spriggan Enchanter began the quest for the Orb.
     0 | D        | Reached XP level 1. HP: 9/9 MP: 5/5
     4 | D        | Reached skill level 5 in Stealth
     9 | D        | Reached XP level 2. HP: 7/13 MP: 5/7
    33 | D        | Learned a level 2 spell: Ensorcelled Hibernation
    80 | D        | Killed a yaktaur
   107 | D        | Noticed Jessica
   115 | D        | Killed Jessica
   115 | D        | Reached skill level 5 in Dodging
   115 | D        | Reached skill level 6 in Stealth
   115 | D        | Reached skill level 1 in Ice Magic
   115 | D        | Reached XP level 3. HP: 11/16 MP: 3/9
   128 | D        | Learned a level 3 spell: Confuse
   132 | D        | Learned a level 3 spell: Tukima's Dance
   181 | D        | Killed a yaktaur
   246 | D        | Killed a white draconian scorcher
   286 | D        | Killed a white draconian scorcher
   316 | D        | Killed a yaktaur
   319 | D        | Killed a fire drake
   325 | D        | Reached skill level 7 in Stealth
   403 | D        | Gained mutation: You have a pair of small horns on your head. [potion of mutation]
   403 | D        | Gained mutation: You are robust (+10% HP). [potion of mutation]
   404 | D        | Gained mutation: You heal slowly when monsters are visible. [potion of mutation]
   404 | D        | Gained mutation: You can spit weak poison. [potion of mutation]
   433 | D        | Noticed a water elemental
   436 | D        | Killed a water elemental
   436 | D        | Reached skill level 8 in Stealth
   436 | D        | Reached skill level 5 in Hexes
   436 | D        | Reached XP level 4. HP: 23/23 MP: 11/13
   441 | D        | Learned a level 3 spell: Dazzling Spray
   483 | D        | Noticed a jelly
   484 | D        | Noticed a shadow
   519 | D        | Killed a shadow
   519 | D        | Reached skill level 10 in Stealth
   519 | D        | Reached skill level 1 in Conjurations
   519 | D        | Reached XP level 5. HP: 26/26 MP: 3/15
   519 | D        | Reached XP level 6. HP: 30/30 MP: 3/17
   584 | D        | Killed a jelly
   615 | D        | Found a stormy altar of Qazlal.
   615 | D        | Noticed a spatial vortex
   616 | D        | Found a sacrificial altar of Ru.
   616 | D        | Found a burning altar of Makhleb.
   616 | D        | Found a viscous altar of Jiyva.
   616 | D        | Found a shimmering altar of Xom.
   616 | D        | Found a shadowy altar of Dithmenos.
   616 | D        | Found a sparkling altar of Nemelex Xobeh.
   616 | D        | Found a corrupted altar of Lugonu.
   616 | D        | Found an opulent altar of Gozag.
   620 | D        | Became a worshipper of Dithmenos the Shadowed
   628 | D        | Killed a spatial vortex
   628 | D        | Reached skill level 5 in Short Blades
   628 | D        | Reached skill level 11 in Stealth
   628 | D        | Reached skill level 1 in Invocations
   655 | D        | Found a radiant altar of Vehumet.
   656 | D        | Found a deep blue altar of Sif Muna.
   656 | D        | Found an ancient bone altar of Kikubaaqudgha.
   656 | D        | Noticed a wizard
   659 | D        | Noticed a hellwing
   663 | D        | Killed a wizard
   664 | D        | Killed a fire drake
   760 | D        | Killed Nessos
   819 | D        | Found a glowing silver altar of Zin.
   820 | D        | Found a glowing golden altar of the Shining One.
   820 | D        | Found a white marble altar of Elyvilon.
   820 | D        | Noticed a deep elf priest
   822 | D        | Killed a deep elf priest
   822 | D        | Reached skill level 10 in Dodging
   822 | D        | Reached XP level 7. HP: 35/35 MP: 18/20
   835 | D        | Found an iron altar of Okawaru.
   836 | D        | Found a bloodstained altar of Trog.
   836 | D        | Noticed a human
   836 | D        | Noticed a human
   838 | D        | Killed a human
   838 | D        | Reached skill level 12 in Stealth
   839 | D        | Killed a human
   839 | D        | Acquired Dithmenos's first power
   854 | D        | Found a snail-covered altar of Cheibriados.
   854 | D        | Noticed a necrophage
   855 | D        | Found a basalt altar of Yredelemnul.
   855 | D        | Found a blossoming altar of Fedhas.
   855 | D        | Noticed a necromancer
   856 | D        | Killed a necrophage
   856 | D        | Reached XP level 8. HP: 39/39 MP: 22/22
   857 | D        | Killed a necromancer
   857 | D        | Reached skill level 10 in Spellcasting
   893 | D        | Noticed Snorg
   933 | D        | Killed Snorg
   933 | D        | Reached skill level 13 in Stealth
   985 | D        | Killed an electric eel
  1132 | D        | Noticed an earth elemental
  1135 | D        | Killed an earth elemental
  1140 | D        | Noticed a centaur
  1140 | D        | Noticed a centaur warrior
  1140 | D        | Noticed a centaur
  1143 | D        | Killed a centaur warrior
  1143 | D        | Acquired Dithmenos's second power
  1143 | D        | Reached skill level 14 in Stealth
  1143 | D        | Reached skill level 5 in Ice Magic
  1143 | D        | Reached skill level 5 in Invocations
  1143 | D        | Reached XP level 9. HP: 42/42 MP: 25/25
  1148 | D        | Killed a centaur
  1149 | D        | Killed a centaur
  1221 | D        | Noticed an unseen horror
  1223 | D        | Killed an unseen horror
  1223 | D        | Reached skill level 15 in Stealth
  1233 | D        | Noticed a killer bee
  1233 | D        | Noticed a killer bee
  1233 | D        | Noticed a killer bee
  1233 | D        | Noticed a killer bee
  1233 | D        | Noticed a killer bee
  1233 | D        | Noticed a killer bee
  1233 | D        | Noticed a killer bee
  1233 | D        | Noticed a killer bee
  1233 | D        | Noticed a killer bee
  1233 | D        | Noticed a killer bee
  1233 | D        | Noticed a killer bee
  1233 | D        | Noticed a killer bee
  1233 | D        | Noticed a killer bee
  1233 | D        | Noticed a killer bee
  1233 | D        | Noticed a killer bee
  1234 | D        | Noticed a killer bee
  1234 | D        | Noticed a killer bee
  1234 | D        | Noticed a killer bee
  1234 | D        | Noticed a killer bee
  1234 | D        | Noticed a killer bee
  1234 | D        | Noticed a killer bee
  1234 | D        | Noticed a killer bee
  1234 | D        | Noticed a queen bee
  1234 | D        | Noticed a killer bee
  1234 | D        | Noticed a killer bee
  1234 | D        | Noticed a killer bee
  1234 | D        | Noticed a killer bee
  1234 | D        | Noticed a killer bee
  1234 | D        | Noticed a killer bee
  1234 | D        | Noticed a killer bee
  1234 | D        | Noticed a killer bee
  1234 | D        | Noticed a killer bee
  1234 | D        | Noticed a killer bee
  1235 | D        | Killed a killer bee
  1238 | D        | Killed a killer bee
  1238 | D        | Acquired Dithmenos's third power
  1240 | D        | Killed a killer bee
  1250 | D        | Killed a killer bee
  1252 | D        | Killed a killer bee
  1254 | D        | Killed a killer bee
  1256 | D        | Killed a killer bee
  1258 | D        | Killed a killer bee
  1258 | D        | Acquired Dithmenos's fourth power
  1264 | D        | Killed a killer bee
  1270 | D        | Killed a killer bee
  1281 | D        | Killed a killer bee
  1294 | D        | Killed a killer bee
  1460 | D        | Killed a killer bee
  1462 | D        | Killed a killer bee
  1462 | D        | Reached XP level 10. HP: 48/48 MP: 23/27
  1464 | D        | Killed a killer bee
  1466 | D        | Killed a killer bee
  1468 | D        | Killed a killer bee
  1470 | D        | Killed a killer bee
  1472 | D        | Killed a killer bee
  1474 | D        | Killed a killer bee
  1480 | D        | Killed a killer bee
  1484 | D        | Killed a killer bee
  1484 | D        | Reached skill level 5 in Conjurations
  1486 | D        | Killed a killer bee
  1488 | D        | Killed a killer bee
  1488 | D        | Reached skill level 10 in Hexes
  1506 | D        | Killed a killer bee
  1707 | D        | Killed a killer bee
  1712 | D        | Killed a killer bee
  1713 | D        | Killed a killer bee
  1713 | D        | Reached skill level 16 in Stealth
  1716 | D        | Killed a killer bee
  1717 | D        | Killed a killer bee
  1719 | D        | Killed a killer bee
  1721 | D        | Killed a killer bee
  1723 | D        | Killed a queen bee
  1852 | D        | Noticed a wandering mushroom
  1853 | D        | Noticed a wandering mushroom
  1853 | D        | Noticed a wandering mushroom
  1854 | D        | Killed a wandering mushroom
  1856 | D        | Killed a wandering mushroom
  1857 | D        | Killed a wandering mushroom
  1857 | D        | Reached skill level 15 in Dodging
  1879 | D        | Noticed a spiny frog
  1879 | D        | Noticed a komodo dragon
  1879 | D        | Noticed a spiny frog
  1882 | D        | Killed a spiny frog
  1886 | D        | Killed a spiny frog
  1888 | D        | Killed a komodo dragon
  1945 | D        | Noticed a redback
  1947 | D        | Killed a redback
  1948 | D        | Noticed a brain worm
  1952 | D        | Killed a brain worm
  1952 | D        | Reached skill level 17 in Stealth
  1958 | D        | Noticed a brain worm
  1960 | D        | Killed a brain worm
  1966 | D        | Noticed a lindwurm
  1968 | D        | Noticed a redback
  1969 | D        | Killed a lindwurm
  1972 | D        | Killed a redback
  1976 | D        | Noticed a redback
  1977 | D        | Killed a redback
  1978 | D        | Noticed Maud
  1981 | D        | Killed Maud
  1981 | D        | Reached XP level 11. HP: 51/51 MP: 28/30
  1992 | D        | Noticed a seven-headed hydra
  1992 | D        | Noticed a four-headed hydra
  2077 | D        | Killed a seven-headed hydra
  2078 | D        | Killed a four-headed hydra
  2078 | D        | Reached skill level 18 in Stealth
  2097 | D        | Noticed a death drake
  2100 | D        | Killed a death drake
  2107 | D        | Found a blossoming altar of Fedhas.
  2107 | D        | Noticed a spriggan
  2107 | D        | Noticed a spriggan druid
  2107 | D        | Noticed a spriggan
  2109 | D        | Killed a spriggan druid
  2109 | D        | Reached skill level 10 in Short Blades
  2110 | D        | Killed a spriggan
  2111 | D        | Killed a spriggan
  2136 | D        | Noticed a kraken
  2141 | D        | Noticed a snapping turtle
  2203 | D        | Killed a snapping turtle
  2237 | D        | Killed a kraken
  2237 | D        | Reached skill level 15 in Spellcasting
  2327 | D        | Noticed a snapping turtle
  2328 | D        | Noticed a snapping turtle
  2328 | D        | Noticed an alligator snapping turtle
  2329 | D        | Noticed an alligator snapping turtle
  2329 | D        | Found Zuol Kowa's Antique Weapon Emporium.
  2329 | D        | Found Qiofavae's Book Shop.
  2329 | D        | Found Evavobbi's Food Boutique.
  2329 | D        | Noticed an alligator snapping turtle
  2346 | D        | Killed a snapping turtle
  2346 | D        | Reached skill level 19 in Stealth
  2355 | D        | Killed an alligator snapping turtle
  2405 | D        | Killed a snapping turtle
  2700 | D        | Killed an alligator snapping turtle
  2803 | D        | Killed an alligator snapping turtle
  2803 | D        | Reached XP level 12. HP: 56/56 MP: 21/32
  2832 | D        | Got a barnacled rune of Zot
  2884 | D        | Noticed a swamp drake
  2884 | D        | Noticed a fire drake
  2885 | D        | Killed a fire drake
  2887 | D        | Killed a swamp drake
  2893 | D        | Noticed a blink frog
  2893 | D        | Noticed a blink frog
  2894 | D        | Noticed a blink frog
  2896 | D        | Killed a blink frog
  2898 | D        | Noticed a blink frog
  2898 | D        | Noticed a blink frog
  2899 | D        | Killed a blink frog
  2900 | D        | Killed a blink frog
  2902 | D        | Killed a blink frog
  2903 | D        | Killed a blink frog
  2921 | D        | Noticed Rupert
  2925 | D        | Killed Rupert
  2925 | D        | Reached skill level 20 in Stealth
  2950 | D        | Noticed a death yak
  2951 | D        | Noticed a death yak
  2951 | D        | Noticed a blink frog
  2952 | D        | Noticed an azure jelly
  2952 | D        | Noticed a death yak
  2952 | D        | Noticed an azure jelly
  2952 | D        | Noticed a blink frog
  2952 | D        | Noticed a death yak
  2953 | D        | Killed a death yak
  2954 | D        | Killed a blink frog
  2955 | D        | Killed a death yak
  2956 | D        | Noticed a blink frog
  2956 | D        | Noticed a black mamba
  2957 | D        | Killed a death yak
  2958 | D        | Noticed a black mamba
  2959 | D        | Killed a death yak
  2960 | D        | Killed a blink frog
  2961 | D        | Killed a blink frog
  2964 | D        | Killed a black mamba
  2965 | D        | Killed a black mamba
  3010 | D        | Noticed a fire dragon
  3015 | D        | Killed a fire dragon
  3017 | D        | Found Quet's Gadget Shoppe.
  3017 | D        | Found Xemaora's Magic Scroll Boutique.
  3017 | D        | Found Qusmeoch's Antique Armour Emporium.
  3029 | D        | Noticed a fire dragon
  3029 | D        | Noticed a fire dragon
  3031 | D        | Killed from afar by a fire dragon

Vault maps used:
D:        dungeon_sprint_mu

Action                   |  1- 3 |  4- 6 |  7- 9 | 10-12 || total
-------------------------+-------+-------+-------+-------++-------
Melee: Dagger            |    18 |    16 |    67 |   106 ||   207
 Cast: Ensorcelled Hiber |     6 |     2 |    18 |    55 ||    81
       Confuse           |     1 |     1 |     2 |       ||     4
       Dazzling Spray    |       |     9 |     2 |     8 ||    19
       Tukima's Dance    |       |     2 |       |       ||     2
Invok: Shadow Step       |       |       |       |     8 ||     8
  Use: Scroll            |     3 |       |       |       ||     3
       Potion            |     2 |     3 |       |       ||     5
 Stab: Sleeping          |     5 |     3 |    18 |    60 ||    86
       Confused          |     1 |     1 |     1 |       ||     3
       Invisible         |       |     2 |     3 |     3 ||     8
  Eat: Bread ration      |       |       |       |     1 ||     1
